[Event "Team 45 45 League T57"]
[Site "Internet Chess Club"]
[Date "2013.06.15"]
[Round "4"]
[White "tryanything"]
[Black "jps7"]
[Result "1/2-1/2"]
[WhiteElo "1624"]
[BlackElo "1786"]
[Opening "Queen's pawn, Mason variation"]
[ECO "D00"]
[Time "05:30:07"]
[TimeControl "2700+45"]

1. d4 d5 2. Bf4 e6 3. e3 a6 4. Bd3 Nf6 5. Nf3 c5 6. c3 c4 7. Bc2 Qb6 8. Qc1 Be7
9. Nbd2 O-O 10. e4 dxe4 11. Nxe4 Nxe4 12. Bxe4 f5 13. Bc2 Nc6 14. O-O Qd8 15.
Re1 b5 16. Ne5 Nxe5 17. Bxe5 Bd6 18. Qe3 Qc7 19. f4 Bd7 20. Bd1 Rae8 21. Bf3 Bc6
22. Bxc6 Qxc6 23. Re2 Bxe5 24. Qxe5 Rf6 25. Rae1 Rd8 26. Qe3 Rg6 27. Qf2 Rf8 28.
g3 h5 29. Qg2 Qd7 30. h4 Rff6 31. Qf3 Rg4 32. Rg2 Rfg6 33. Ree2 Qd6 34. Kh2 Kh7
35. Qe3 Qb6 36. a3 Qd6 37. Qf3 a5 38. Kh3 b4 39. axb4 axb4 40. Qe3 bxc3 41. bxc3
Rf6 42. Qd2 Rgg6 43. Re5 Rf7 44. Rc5 Rc7 45. Rxc7 Qxc7 46. Qe2 Kh6 47. Qe3 Rf6
48. Re2 Qa5 49. Qd2 Qd5 50. Qe1 g6 51. Re5 Qf3 52. Re3 Qc6 53. Re5 Kg7 54. Rc5
Qa6 55. Qf1 Qa8 56. Rxc4 Rf7 57. Rc5 Ra7 58. Re5 Qc6 59. Re3 Ra3 60. Qf3 Qa6 61.
Rd3 Ra1 62. Rd1 Ra3 63. Qe3 Qc4 64. Rd3 Kf7 65. Qf3 Kf6 66. Qe3 Kf7 67. Qf3 Ra7
68. d5 Re7 69. dxe6+ Qxe6 70. Qd5 Rc7 71. Qxe6+ Kxe6 72. Kg2 Rc4 73. Kf3 Ra4
{Game drawn by mutual agreement} 1/2-1/2

[Event "Team 45 45 League T57"]
[Site "Internet Chess Club"]
[Date "2013.06.18"]
[Round "4"]
[White "WillC"]
[Black "FourKnights"]
[Result "1-0"]
[WhiteElo "1796"]
[BlackElo "1795"]
[Opening "Réti: Nimzovich-Larsen attack"]
[ECO "A06"]
[Time "17:01:59"]
[TimeControl "2700+45"]

1. Nf3 d5 2. b3 c5 3. e3 Nf6 4. Bb2 Nc6 5. Be2 Bf5 6. O-O h6 7. d4 e6 8. Nbd2
cxd4 9. Nxd4 Nxd4 10. Bxd4 Be7 11. Bb5+ Kf8 12. Bb2 a6 13. Be2 Rc8 14. c4 dxc4
15. Nxc4 Qxd1 16. Rfxd1 b5 17. Nd6 Rc2 18. Bxf6 Bxf6 19. Nxf5 exf5 20. Bd3 Bxa1
21. Bxc2 Bf6 22. Bxf5 g6 23. Bc8 a5 24. Ba6 Ke7 25. Bxb5 Rd8 26. Rc1 Be5 27. g3
f5 28. Rc2 Rd5 29. Bc6 Rd1+ 30. Kg2 Rd3 31. Rc5 Bc7 32. Bb5 Bd6 33. Rc8 Rd2 34.
a4 Bb4 35. Rc6 Rd6 36. Rc7+ Kf6 37. Kf3 g5 38. h3 h5 39. Rc6 Rxc6 40. Bxc6 Ke5
41. Be8 h4 42. gxh4 gxh4 43. Bc6 Bc3 44. e4 Bb4 45. exf5 Kxf5 46. Bd7+ Ke5 47.
Kg4 Be1 48. f4+ Kf6 49. f5 Bf2 50. Bc8 Be1 51. Be6 Bf2 52. b4 axb4 53. a5 Ba7
54. Kxh4 b3 55. Kg4 b2 56. Ba2 Bf2 57. a6 Be3 58. h4 Bd4 59. h5 Be3 60. h6 Bd4
61. Bb1 Be3 62. Kf3 Bb6 63. Ke4 Bf2 64. Kd5 Ba7 65. Kc6 Kf7 66. Kb7 Bd4 67. a7
Bxa7 68. Kxa7 Kg8 69. Kb7 Kh7 70. Kc7 Kxh6 71. Kc6 Kg7 72. Kd6 Kf6 73. Kd7 Kf7
74. Bc2 Kf6 75. Ke8 Kg7 76. Ke7 Kh8 77. f6 {Black forfeits on time} 1-0

[Event "Team 45 45 League T57"]
[Site "Internet Chess Club"]
[Date "2013.06.15"]
[Round "4"]
[White "pishd"]
[Black "bahamapapa"]
[Result "0-1"]
[WhiteElo "1766"]
[BlackElo "1841"]
[Opening "Modern defense"]
[ECO "A40"]
[Time "09:13:37"]
[TimeControl "2700+45"]

1. d4 g6 2. Nf3 Bg7 3. c4 d6 4. Nc3 Nc6 5. Bf4 e5 6. dxe5 Nxe5 7. Nxe5 Bxe5 8.
Bxe5 dxe5 9. Qxd8+ Kxd8 10. O-O-O+ Bd7 11. Ne4 Ke7 12. Rd5 f6 13. Nc5 Bc6 14.
Rd2 a5 15. f3 f5 16. e3 Nf6 17. Be2 b6 18. Nd3 Ke6 19. Rhd1 h5 20. f4 Nd7 21.
Nxe5 Nxe5 22. fxe5 Kxe5 23. Bf3 Be4 24. Rd7 Rac8 25. Re7+ Kf6 26. Rdd7 Bxf3 27.
gxf3 Rhe8 28. Rf7+ Kg5 29. Kd2 Rcd8 30. Ke2 Rxd7 31. Rxd7 Kh4 32. Rxc7 Re6 33.
b3 Kh3 34. a3 Kxh2 35. Kf2 Rd6 36. c5 bxc5 37. Rxc5 Rd2+ 38. Ke1 Ra2 39. Rxa5
Kg3 40. e4 f4 41. Rg5+ Kxf3 42. Rxg6 Ke3 43. e5 Ra1# {White checkmated} 0-1

[Event "Team 45 45 League T57"]
[Site "Internet Chess Club"]
[Date "2013.06.17"]
[Round "4"]
[White "oldsj"]
[Black "timothysmall56"]
[Result "1-0"]
[WhiteElo "1593"]
[BlackElo "1687"]
[Opening "Sicilian: Najdorf, Browne variation"]
[ECO "B96"]
[Time "13:21:18"]
[TimeControl "2700+45"]

1. e4 c5 2. Nf3 d6 3. d4 cxd4 4. Nxd4 Nf6 5. Nc3 a6 6. Bg5 e6 7. f4 h6 8. Bh4
Be7 9. Qf3 Qc7 10. O-O-O Nxe4 11. Qxe4 Bxh4 12. Nd5 Qd8 13. f5 Bg5+ 14. Kb1 e5
15. Bc4 Nd7 16. Nf3 Nf6 17. Nxf6+ Bxf6 18. Bd5 Qd7 19. g4 Rb8 20. h4 O-O 21. g5
Be7 22. gxh6 Qxf5 23. hxg7 Kxg7 24. Rhg1+ Kh8 25. Qe3 Be6 26. Be4 Qf4 27. Qxf4
exf4 28. Ng5 Bd7 29. Rd5 Bc6 30. Nxf7+ Rxf7 31. Rh5+ {Black resigns} 1-0

[Event "Team 45 45 League T57"]
[Site "Internet Chess Club"]
[Date "2013.06.17"]
[Round "4"]
[White "Goodfella"]
[Black "bookseller"]
[Result "0-1"]
[WhiteElo "1488"]
[BlackElo "1686"]
[Opening "Ruy Lopez: fianchetto (Smyslov/Barnes) defense"]
[ECO "C60"]
[Time "14:04:55"]
[TimeControl "2700+45"]

1. e4 e5 2. Nf3 Nc6 3. Bb5 g6 4. c3 a6 5. Ba4 d6 6. O-O Bg7 7. Re1 Nf6 8. h3 Bd7
9. d4 b5 10. Bb3 O-O 11. Nbd2 h6 12. Nf1 Nh5 13. Be3 Kh7 14. dxe5 Nxe5 15. Nxe5
Bxe5 16. Qd2 Bg7 17. Nh2 Nf6 18. Bd4 Be6 19. Bc2 Qd7 20. Re3 c5 21. Bxf6 Bxf6
22. Rf3 Bg5 23. Qe1 Rae8 24. a4 f5 25. axb5 axb5 26. Ra6 Bd5 27. Qd1 Bc6 28. Rd3
Rxe4 29. f3 Re6 30. c4 Be3+ 31. Kf1 Bf4 32. cxb5 Bxb5 33. Rxd6 Rxd6 34. Kg1
Bxh2+ 35. Kxh2 Bxd3 36. Ba4 Qc7 37. Qb3 Rb6+ {White resigns} 0-1

[Event "Team 45 45 League T57"]
[Site "Internet Chess Club"]
[Date "2013.06.12"]
[Round "4"]
[White "calsal"]
[Black "pcvan"]
[Result "1-0"]
[WhiteElo "1578"]
[BlackElo "1547"]
[Opening "French: Réti (Spielmann) variation"]
[ECO "C00"]
[Time "23:30:06"]
[TimeControl "2700+45"]

1. e4 e6 2. b3 d5 3. Bb2 Nf6 4. e5 Nfd7 5. Qg4 c5 6. f4 Nc6 7. Nf3 g6 8. Nc3 Bg7
9. h4 h5 10. Qh3 O-O 11. O-O-O Nb6 12. g4 Bh6 13. gxh5 Bxf4 14. hxg6 fxg6 15.
Qg4 Nxe5 16. Nxe5 Bxe5 17. Qxg6+ Bg7 18. Nxd5 Rf7 19. Rg1 Qd7 20. Nf6+ Rxf6 21.
Bxf6 Kf8 22. Qxg7+ Qxg7 23. Rxg7 Nd5 24. Be5 b6 25. h5 Nf4 26. h6 Nh5 27. h7
Nxg7 28. h8=Q+ {Black resigns} 1-0

[Event "Team 45 45 League T57"]
[Site "Internet Chess Club"]
[Date "2013.06.15"]
[Round "4"]
[White "SATELLITE-DAN"]
[Black "stanbeers"]
[Result "0-1"]
[WhiteElo "1534"]
[BlackElo "1516"]
[Opening "KP: Nimzovich defense"]
[ECO "B00"]
[Time "20:05:18"]
[TimeControl "2700+45"]

1. e4 Nc6 2. d4 d6 3. Nc3 Nf6 4. Nf3 Bg4 5. Be2 g6 6. h3 Bd7 7. Be3 e5 8. Qd2
exd4 9. Nxd4 Ne5 10. f4 Nc6 11. g4 Qe7 12. a3 Nxe4 13. Nxe4 Qxe4 14. O-O-O Bg7
15. Bd3 Qd5 16. c4 Nxd4 17. Bxd4 Qxd4 18. Rhe1+ Kd8 19. Qb4 Qxf4+ 20. Kb1 Rb8
{White resigns} 0-1

[Event "Team 45 45 League T57"]
[Site "Internet Chess Club"]
[Date "2013.06.16"]
[Round "4"]
[White "LittleButton"]
[Black "nidusin2"]
[Result "1-0"]
[WhiteElo "1859"]
[BlackElo "1677"]
[Opening "Sicilian: closed"]
[ECO "B23"]
[Time "03:16:51"]
[TimeControl "2700+45"]
1. e4 {0:45:04} c5 {0:45:38} 2. Nc3 {0:45:39} d6 {0:45:51} 3. f4 {0:46:09}
Nf6 {0:45:55} 4. Nf3 {0:46:55} a6 {0:46:06} 5. g3 {0:47:18} Nc6 {0:44:48} 6.
Bg2 {0:47:07} Rb8 {0:45:04} 7. O-O {0:47:43} e6 {0:44:46} 8. d3 {0:48:18}
Be7 {0:45:03} 9. h3 {0:48:29} b5 {0:45:30} 10. g4 {0:48:51} Qc7 {0:45:54}
11. Qe1 {0:48:32} Bb7 {0:44:10} 12. e5 {0:43:44} Nd7 {0:43:18} 13. f5
{0:39:02} dxe5 {0:41:44} 14. fxe6 {0:37:01} fxe6 {0:40:59} 15. Ng5 {0:33:32}
Bxg5 {0:40:49} 16. Bxg5 {0:33:47} h6 {0:41:02} 17. Be3 {0:32:09} Nd4
{0:35:30} 18. Bxd4 {0:27:39} cxd4 {0:35:55} 19. Ne4 {0:28:18} a5 {0:33:15}
20. Rc1 {0:25:43} Qb6 {0:25:29} 21. Qh4 {0:23:17} Bxe4 {0:22:18} 22. Bxe4
{0:23:17} g5 {0:19:51} 23. Qh5+ {0:18:59} Ke7 {0:15:52} 24. Rf7+ {0:15:35}
Kd6 {0:16:04} 25. Rcf1 {0:15:26} Rbf8 {0:08:12} 26. Qg6 {0:12:36} Rxf7
{0:06:37} 27. Rxf7 {0:12:23} Qd8 {0:06:53} 28. Qg7 {0:08:06} h5 {0:03:51}
29. Rxd7+ {0:08:29} Qxd7 {0:04:27} 30. Qxh8 {0:09:00} hxg4 {0:05:05} 31.
hxg4 {0:09:23} b4 {0:03:26} 32. Qf8+ {0:09:07} Qe7 {0:03:05} 33. Qxe7+
{0:09:12} Kxe7 {0:03:50} 34. b3 {0:09:52} Kd6 {0:04:18} 35. Kf2 {0:10:31}
Kc5 {0:04:33} 36. Kf3 {0:11:08} Kd6 {0:04:27} 37. Ba8 {0:10:59} Ke7
{0:05:04} 38. Ke4 {0:11:37} Kd6 {0:05:48} 39. Kf3 {0:11:52} Kc7 {0:06:01}
40. Be4 {0:12:22} Kd6 {0:06:40} 41. Bh7 {0:13:01} Ke7 {0:07:10} 42. Ke4
{0:13:37} Kf6 {0:07:53} 43. Bg8 {0:14:08} {Black resigns} 1-0

[Event "Team 45 45 League T57"]
[Site "Internet Chess Club"]
[Date "2013.06.12"]
[Round "4"]
[White "fireball"]
[Black "kutch"]
[Result "1-0"]
[WhiteElo "1703"]
[BlackElo "1507"]
[Opening "Vienna gambit"]
[ECO "C29"]
[Time "21:00:32"]
[TimeControl "2700+45"]

1. e4 e5 2. f4 Nf6 3. Nc3 exf4 4. e5 Qe7 5. Qe2 Ng8 6. Nd5 Qh4+ 7. Kd1 Na6 8.
Nf3 Qd8 9. Qe4 Ne7 10. Nxe7 Bxe7 11. Bxa6 d5 12. exd6 Qxd6 13. Bxb7 Bxb7 14.
Qxb7 O-O 15. Qe4 Rfe8 16. Qd4 Qa6 17. d3 Rad8 18. Qxf4 Qb6 19. Re1 Bd6 20. Rxe8+
Rxe8 21. Qd4 Qa5 22. Bd2 Qh5 23. Qh4 Qc5 24. b4 Qb6 25. a4 Bxb4 26. Bxb4 {Black
resigns} 1-0

[Event "Team 45 45 League T57"]
[Site "Internet Chess Club"]
[Date "2013.06.16"]
[Round "4"]
[White "pmxpp"]
[Black "monkeyshark"]
[Result "0-1"]
[WhiteElo "1448"]
[BlackElo "1593"]
[Opening "QGD: 4.Bg5 Be7"]
[ECO "D53"]
[Time "14:02:43"]
[TimeControl "2700+45"]

1. d4 d5 2. c4 e6 3. Nc3 Nf6 4. Bg5 Be7 5. Nf3 Nbd7 6. e3 b6 7. Rc1 c5 8. cxd5
exd5 9. Bd3 c4 10. Be2 h6 11. Bh4 O-O 12. O-O Bb7 13. b3 cxb3 14. Qxb3 Rc8 15.
Nd2 Re8 16. Bf3 Ne4 17. Ndxe4 dxe4 18. Bxe7 Rxe7 19. Bg4 Ba6 20. Nb5 Rxc1 21.
Rxc1 Nf6 22. Be2 Bxb5 23. Bxb5 Rc7 24. Rxc7 Qxc7 25. Qc4 Qd8 26. Qa4 Qc7 27. Qc4
Qd8 28. Qb3 Qc7 29. h3 Qc1+ 30. Bf1 Qc7 31. Qb1 g5 32. Be2 h5 33. g4 Qd7 34. Qd1
h4 35. a4 Nd5 36. Bb5 Qc7 37. Kg2 Nc3 38. Qb3 Nxb5 39. axb5 Kg7 40. Qd5 Qe7 41.
Qe5+ Qxe5 42. dxe5 f6 43. exf6+ Kxf6 44. f3 Ke5 45. Kf2 exf3 46. Kxf3 Kd5 47.
e4+ Kd4 48. e5 Kxe5 49. Ke3 Kd5 50. Kd3 Kc5 51. Ke4 Kxb5 52. Kf5 a5 53. Kxg5 a4
54. Kxh4 a3 55. g5 a2 56. g6 a1=Q 57. Kh5 Qh8+ 58. Kg5 Qxh3 59. Kf6 Qg4 60. g7
Qxg7+ 61. Kxg7 Kc4 {White resigns} 0-1

[Event "Team 45 45 League T57"]
[Site "Internet Chess Club"]
[Date "2013.06.13"]
[Round "4"]
[White "Ajolote"]
[Black "speederz"]
[Result "1-0"]
[WhiteElo "1556"]
[BlackElo "1436"]
[Opening "Sicilian: accelerated fianchetto, modern variation"]
[ECO "B34"]
[Time "19:44:40"]
[TimeControl "2700+45"]

1. e4 c5 2. Nf3 Nc6 3. Nc3 g6 4. d4 cxd4 5. Nxd4 Bg7 6. Nde2 Nf6 7. Be3 Qa5 8.
Qd2 Qb4 9. Ng3 Qxb2 10. Rb1 Qa3 11. Rb3 Qa5 12. Rb5 Qc7 13. Bc4 a6 14. Rb2 Na5
15. Bd3 e6 16. Bb6 Qe5 17. f4 Qd6 18. Bxa5 Qa3 19. Rb3 Qxa5 20. e5 Nd5 21. Nxd5
Qxd5 22. c4 Qd4 23. Ne2 Qa7 24. Qb4 Bf8 25. Qd2 Bc5 26. Kd1 Be3 27. Qc3 O-O 28.
Bxg6 Bxf4 29. Bxh7+ Kxh7 30. Nxf4 Rg8 31. Qh3+ Kg7 32. Rg3+ Kf8 33. Qh6+ Ke7 34.
Qf6+ Kf8 35. Qd8# {Black checkmated} 1-0

[Event "Team 45 45 League T57"]
[Site "Internet Chess Club"]
[Date "2013.06.17"]
[Round "4"]
[White "RedAttack"]
[Black "CaoCao"]
[Result "1/2-1/2"]
[WhiteElo "1841"]
[BlackElo "1900"]
[Opening "Queen's pawn game"]
[ECO "A46"]
[Time "19:05:46"]
[TimeControl "2700+45"]

1. d4 Nf6 2. Nf3 e6 3. g3 d5 4. Bg2 Be7 5. O-O O-O 6. Nc3 Nbd7 7. Re1 c5 8. e3
b6 9. Ne5 Bb7 10. Nxd7 Qxd7 11. Ne2 c4 12. c3 b5 13. Kh1 Ng4 14. Rf1 f5 15. Ng1
Bd6 16. h3 Nf6 17. Nf3 Ne4 18. Ne5 Bxe5 19. dxe5 Nc5 20. b4 Nd3 21. f4 a5 22.
Ba3 Qe7 23. Rb1 axb4 24. Bxb4 Nxb4 25. Rxb4 {Game drawn by mutual agreement}
1/2-1/2

[Event "Team 45 45 League T57"]
[Site "Internet Chess Club"]
[Date "2013.06.15"]
[Round "4"]
[White "mugurelt"]
[Black "frank001"]
[Result "1-0"]
[WhiteElo "1724"]
[BlackElo "1751"]
[Opening "Polish (Sokolsky) opening"]
[ECO "A00"]
[Time "23:53:44"]
[TimeControl "2700+45"]

1. b4 e5 2. Bb2 Bxb4 3. Bxe5 Nf6 4. Nf3 Nc6 5. Bb2 O-O 6. e3 Re8 7. Be2 d5 8.
O-O Bg4 9. d3 Be7 10. Nbd2 Qd7 11. c4 Rad8 12. Qb3 dxc4 13. Qxc4 h5 14. h3 Bf5
15. Ng5 Bg6 16. Ndf3 Nd5 17. Ne4 Nb6 18. Qc3 f6 19. a3 Bf7 20. Rfd1 Na4 21. Qc2
Nxb2 22. Qxb2 b6 23. Rac1 Na5 24. Nfd2 f5 25. Ng3 Bf6 26. d4 g6 27. Qc2 Rc8 28.
Rb1 Qd6 29. a4 h4 30. Ngf1 c6 31. Nh2 Kg7 32. Nhf3 Qd7 33. Nc4 Nxc4 34. Bxc4 Bd5
35. Bxd5 Qxd5 36. Qb3 Qd6 37. Nd2 g5 38. Rbc1 g4 39. hxg4 fxg4 40. Qd3 Qe6 41.
Nc4 g3 42. f3 Rcd8 43. Qe4 Qxe4 44. fxe4 Rxe4 45. Rf1 Rd7 46. Rf5 Kg6 47. Rcf1
Re6 48. Rxf6+ Rxf6 49. Ne5+ Kg7 50. Nxd7 Re6 51. Ne5 c5 52. Rf7+ Kg8 53. Rxa7
cxd4 54. exd4 Rd6 55. Nf3 {Black resigns} 1-0

[Event "Team 45 45 League T57"]
[Site "Internet Chess Club"]
[Date "2013.06.14"]
[Round "4"]
[White "xt"]
[Black "Portola"]
[Result "1/2-1/2"]
[WhiteElo "1646"]
[BlackElo "1818"]
[Opening "French: exchange variation"]
[ECO "C01"]
[Time "20:07:07"]
[TimeControl "2700+45"]

1. e4 e6 2. d4 d5 3. exd5 exd5 4. Nf3 Nf6 5. Nc3 Bf5 6. h3 c6 7. Bd3 Bxd3 8.
Qxd3 Be7 9. O-O O-O 10. Re1 Re8 11. Bg5 Nbd7 12. Ne2 Ne4 13. Bxe7 Rxe7 14. Nc3
Ndf6 15. Nd2 Nxc3 16. Qxc3 Qd7 17. Nf3 Ne4 18. Qd3 Rae8 19. Nd2 Qd6 20. c3 Qf4
21. Nxe4 Rxe4 22. Rxe4 Rxe4 23. f3 Re8 24. Rd1 {Game drawn by mutual agreement}
1/2-1/2

[Event "Team 45 45 League T57"]
[Site "Internet Chess Club"]
[Date "2013.06.15"]
[Round "4"]
[White "j65536d"]
[Black "Helaman"]
[Result "0-1"]
[WhiteElo "1782"]
[BlackElo "1928"]
[Opening "Sicilian: Najdorf, 6.f4"]
[ECO "B93"]
[Time "21:00:33"]
[TimeControl "2700+45"]

1. e4 c5 2. Nf3 d6 3. d4 cxd4 4. Nxd4 Nf6 5. Nc3 a6 6. f4 e5 7. Nf3 Nbd7 8. Bc4
Be7 9. O-O O-O 10. h3 b5 11. Bd5 Nxd5 12. Nxd5 Bb7 13. g4 Nb6 14. b3 Nxd5 15.
exd5 f5 16. Bb2 fxg4 17. hxg4 Rxf4 18. Nh2 Rxf1+ 19. Nxf1 Qb6+ 20. Kh2 Rf8 21.
Ng3 Qf2+ 22. Kh3 Rf3 23. Qg1 Qxc2 24. Ba3 Bxd5 25. Rc1 Qxa2 26. Qd1 Rxg3+ {White
resigns} 0-1

[Event "Team 45 45 League T57"]
[Site "Internet Chess Club"]
[Date "2013.06.13"]
[Round "4"]
[White "LittleButton"]
[Black "jt2000"]
[Result "1-0"]
[WhiteElo "1850"]
[BlackElo "1733"]
[Opening "Sicilian: closed"]
[ECO "B23"]
[Time "14:06:30"]
[TimeControl "2700+45"]

1. e4 c5 2. Nc3 e6 3. f4 d5 4. Bb5+ Bd7 5. Qe2 dxe4 6. Nxe4 Nf6 7. Nf3 Be7 8.
O-O O-O 9. Bxd7 Nbxd7 10. d3 Rc8 11. b3 b5 12. Bb2 Nb6 13. c4 bxc4 14. dxc4 Qc7
15. Nxf6+ Bxf6 16. Bxf6 gxf6 17. f5 e5 18. Nd2 Kh8 19. Ne4 Qe7 20. Qh5 Rg8 21.
Rad1 Rc6 22. Rd3 Rd8 23. Rh3 {Black resigns} 1-0

[Event "Team 45 45 League T57"]
[Site "Internet Chess Club"]
[Date "2013.06.15"]
[Round "4"]
[White "amicusUK"]
[Black "TwoEqualsOne"]
[Result "0-1"]
[WhiteElo "1610"]
[BlackElo "1819"]
[Opening "King's Indian: Torre attack"]
[ECO "A48"]
[Time "03:00:04"]
[TimeControl "2700+45"]

1. d4 Nf6 2. Nf3 g6 3. Bg5 Bg7 4. Nbd2 d5 5. e3 O-O 6. Bd3 h6 7. Bh4 Nc6 8. c3
Qe8 9. Ne5 Nxe5 10. dxe5 Ng4 11. Nf3 Nxe5 12. Nxe5 Bxe5 13. Bxg6 Bxc3+ 14. bxc3
fxg6 15. Qxd5+ Qf7 16. Qxf7+ Kxf7 17. Bg3 c5 18. O-O b5 19. a3 Be6 20. Rfd1 Rfd8
21. Bc7 Rdc8 22. Ba5 Rc6 23. Rd3 Rac8 24. a4 a6 25. Rd2 Bb3 26. axb5 axb5 27.
Bd8 Ke8 28. Ba5 Ra6 29. Ra3 Ba4 30. c4 Rxa5 31. cxb5 Rxb5 32. h3 Bb3 33. Ra7 c4
34. Rdd7 Re5 35. Rac7 Rxc7 36. Rxc7 Kd8 37. Rc6 e6 38. Kf1 Kd7 39. Rb6 Kc7 40.
Rb4 Ra5 41. Ke1 Ra6 42. Kd2 Rb6 43. Kc3 Rxb4 44. Kxb4 Kd6 45. Kc3 Ke5 46. Kd2 g5
47. Kc3 Ke4 48. Kd2 e5 49. Kc3 h5 50. Kd2 g4 51. h4 Kf5 52. Kc3 e4 53. g3 Ke5
54. Kb4 Kd5 55. Kc3 Kc5 56. Kd2 Kb4 57. f3 exf3 58. e4 c3+ 59. Kc1 f2 {White
resigns} 0-1

[Event "Team 45 45 League T57"]
[Site "Internet Chess Club"]
[Date "2013.06.15"]
[Round "4"]
[White "justice02"]
[Black "BraafPaard"]
[Result "1/2-1/2"]
[WhiteElo "1734"]
[BlackElo "1512"]
[Opening "English opening"]
[ECO "A05"]
[Time "09:03:42"]
[TimeControl "2700+45"]

1. Nf3 Nf6 2. c4 g6 3. Nc3 Bg7 4. g3 d5 5. cxd5 Nxd5 6. Ne4 O-O 7. Bg2 Bf5 8.
Nh4 Bxe4 9. Bxe4 e6 10. O-O Nd7 11. e3 Nc5 12. Bc2 Nb4 13. d4 Nxc2 14. Qxc2 Na6
15. Rd1 Rc8 16. Qb3 Qd5 17. Qxd5 exd5 18. a3 Rfd8 19. b4 c5 20. bxc5 Nxc5 21.
Rb1 Na4 22. Bd2 b6 23. Rdc1 Bf8 24. Bb4 a6 25. Bxf8 Kxf8 26. Kg2 b5 27. Nf3 f6
28. Ne1 Rc3 29. Rxc3 Nxc3 30. Rc1 Rc8 31. Nd3 a5 32. Nc5 b4 33. axb4 axb4 34.
Nb3 Ra8 35. Ra1 Rxa1 36. Nxa1 Ke7 37. Nb3 Kd6 38. Kf1 h5 39. f3 g5 40. Ke1 g4
41. f4 Ke6 42. Kd2 Kf5 43. Kd3 Kg6 44. Nc5 h4 45. Na6 hxg3 46. hxg3 Na2 47. Kc2
Kf5 48. Kb2 b3 49. Nc5 Nb4 50. Kxb3 Nc6 51. Kc3 Kg6 52. Kd3 f5 53. Nd7 Ne7 54.
Kc3 Nc8 55. Kb4 Nd6 56. Nb6 Ne4 57. Nxd5 Nxg3 58. Nc3 Ne4 59. Ne2 g3 60. Kc4 g2
61. Ng1 Kf6 62. Kd3 Ng3 63. d5 Ke7 64. Kc4 Kd6 65. Kd4 Ne4 66. Nf3 {Game drawn
by mutual agreement} 1/2-1/2

[Event "Team 45 45 League T57"]
[Site "Internet Chess Club"]
[Date "2013.06.15"]
[Round "4"]
[White "alexping"]
[Black "Goli"]
[Result "1-0"]
[WhiteElo "1846"]
[BlackElo "1895"]
[Opening "Benkö gambit: main line"]
[ECO "A58"]
[Time "12:01:19"]
[TimeControl "2700+45"]

1. d4 Nf6 2. c4 c5 3. d5 b5 4. cxb5 a6 5. bxa6 Bxa6 6. Nc3 d6 7. Nf3 g6 8. e4
Bxf1 9. Kxf1 Bg7 10. g3 O-O 11. Kg2 Nbd7 12. Bf4 Qb6 13. Rb1 Rfb8 14. e5 Nh5 15.
Re1 Nxf4+ 16. gxf4 Qd8 17. h4 Rb4 18. Kg3 Bh6 19. Ng5 Rd4 20. Qf3 dxe5 21. fxe5
Bxg5 22. hxg5 e6 23. Qe3 exd5 24. e6 fxe6 25. Qxe6+ Kh8 26. f4 Rd3+ 27. Kg2 Nb6
28. Qf7 Qd7 29. Qxd7 Nxd7 30. Re7 Nb6 31. Rh1 h5 32. Re6 d4 33. Rxg6 Kh7 34. f5
Rd2+ 35. Kg1 dxc3 36. Rxh5# {Black checkmated} 1-0

[Event "Team 45 45 League T57"]
[Site "Internet Chess Club"]
[Date "2013.06.15"]
[Round "4"]
[White "room-matt"]
[Black "bobhill"]
[Result "0-1"]
[WhiteElo "1765"]
[BlackElo "1916"]
[Opening "Richter-Veresov attack, Richter variation"]
[ECO "D01"]
[Time "09:05:18"]
[TimeControl "2700+45"]

1. d4 d5 2. Nc3 Nf6 3. Bg5 Bf5 4. f3 Nbd7 5. Qd2 c6 6. e4 dxe4 7. Qf4 Bg6 8.
fxe4 Qb6 9. O-O-O e6 10. Bc4 h6 11. Bh4 Bh5 12. g4 g5 13. Qf2 Nxg4 14. Qe1 gxh4
15. Qxh4 Ne3 16. Qxh5 Nxc4 17. b3 Ba3+ 18. Kb1 Bb4 19. Qf3 Qa5 20. Nge2 Rc8 21.
bxc4 Nb6 22. Qd3 Ba3 23. Ka1 Rg8 24. c5 Na4 25. Nxa4 Qxa4 26. Nc3 Qa5 27. Rb1
Rd8 28. Rxb7 Bxc5 29. Qf3 Be7 30. Qe3 Qa6 31. Rhb1 Bf6 32. e5 Be7 33. Qxh6 Rxd4
34. Rb8+ Rd8 35. Qh7 Rf8 36. Ne4 Qa5 37. Qg7 Qd5 38. Nf6+ Bxf6 39. Qxf6 Qd4+ 40.
R8b2 Rb8 41. Qf3 Rb6 42. c3 Qc5 43. Rxb6 axb6 44. Rb3 Rg8 45. Kb2 Rg5 46. Ra3
Rxe5 47. Ra8+ Ke7 48. Ra7+ Kd6 49. Qf4 f6 50. Ra8 Qb5+ 51. Ka3 Qc5+ 52. Kb2 b5
53. Ra5 Kc7 54. Qd4 Re2+ 55. Kb3 Qxd4 56. cxd4 Rxh2 57. Ra7+ Kb6 58. Rf7 f5 59.
Rf6 Re2 60. a3 Re4 61. Kc3 Kc7 62. Rf7+ Kd6 63. Rf8 f4 64. Rd8+ Ke7 65. Rc8 Kd7
66. Rf8 Re3+ 67. Kb4 f3 68. a4 bxa4 69. Kxa4 Rd3 70. Kb4 Ke7 71. Kc4 Ra3 72. Rf4
Kd6 73. Rf7 Re3 74. Rf4 Ke7 75. Kc5 Rc3+ 76. Kb4 Rc1 77. Rxf3 Kd6 78. Rf8 Ke7
79. Rc8 Kf6 80. Rf8+ Ke7 81. Rc8 Kd7 82. Rf8 Re1 83. Rf6 Ke7 84. Rh6 Kd6 85. Rh5
Rb1+ 86. Kc4 Rb8 87. Rg5 Rf8 88. Rh5 Rf1 89. Re5 Rf5 90. Re4 c5 91. dxc5+ Rxc5+
92. Kd4 e5+ 93. Kd3 Kd5 94. Rh4 Ra5 95. Rh8 Ra3+ 96. Ke2 Kd4 97. Rd8+ Ke4 98.
Kd2 Ra2+ 99. Kc3 Kf4 100. Rd2 Rxd2 101. Kxd2 Kf3 102. Ke1 Ke3 103. Kf1 Kd2 104.
Kf2 e4 {White resigns} 0-1

[Event "Team 45 45 League T57"]
[Site "Internet Chess Club"]
[Date "2013.06.14"]
[Round "4"]
[White "Beetlejuice"]
[Black "tsia68"]
[Result "1/2-1/2"]
[WhiteElo "1724"]
[BlackElo "1727"]
[Opening "King's Indian: Sämisch, Panno formation"]
[ECO "E83"]
[Time "14:01:07"]
[TimeControl "2700+45"]

1. d4 Nf6 2. c4 g6 3. Nc3 Bg7 4. e4 d6 5. f3 O-O 6. Be3 Nc6 7. Nge2 a6 8. Rc1 e5
9. d5 Ne7 10. Qd2 Nd7 11. g4 f5 12. gxf5 gxf5 13. Bh6 f4 14. Bxg7 Kxg7 15. Bh3
Nc5 16. Bxc8 Rxc8 17. Kd1 Ng6 18. Kc2 Nh4 19. Rcf1 Qf6 20. Nc1 Kh8 21. Qf2 Rg8
22. Rfg1 Rxg1 23. Rxg1 Rg8 24. Rxg8+ Kxg8 25. Nb1 Qg5 26. Nd2 Ng2 27. Nf1 a5 28.
Nb3 Nxb3 29. axb3 b6 30. Kc3 {Game drawn by mutual agreement} 1/2-1/2

[Event "Team 45 45 League T57"]
[Site "Internet Chess Club"]
[Date "2013.06.16"]
[Round "4"]
[White "Duguesclin"]
[Black "qs16"]
[Result "0-1"]
[WhiteElo "1658"]
[BlackElo "1749"]
[Opening "Queen's pawn game"]
[ECO "E00"]
[Time "08:16:20"]
[TimeControl "2700+45"]

1. d4 Nf6 2. c4 e6 3. a3 b6 4. Nc3 Bb7 5. Bg5 Be7 6. e3 Ne4 7. Bxe7 Qxe7 8. Nf3
Nxc3 9. bxc3 O-O 10. Bd3 d5 11. O-O Nd7 12. cxd5 Bxd5 13. c4 Bc6 14. Qc2 h6 15.
Rfe1 Bxf3 16. gxf3 Qg5+ 17. Kh1 Nf6 18. Rg1 Qh4 19. Rg2 Kh8 20. Rag1 Rg8 21. Be4
Rad8 22. c5 Nxe4 23. fxe4 Qh5 24. cxb6 cxb6 25. Qc7 Ra8 26. Rg3 Qh4 27. f3 Qf6
28. Qc6 Rac8 29. Qd7 Rc3 30. Qxa7 Rxe3 31. Qxb6 Rxf3 32. e5 Qf5 33. Qb7 Rxg3 34.
Rxg3 Qf1+ 35. Rg1 Qf4 36. Rd1 Rd8 37. h3 Rd5 38. Qb3 Qe4+ 39. Kg1 Rxd4 40. Rf1
Rd3 41. Qb8+ Kh7 42. Qb1 Rg3+ 43. Kh2 Qxb1 44. Rxb1 Rxa3 45. Rb7 Kg6 46. h4 h5
47. Rb2 Re3 48. Rg2+ Kh6 49. Rg5 f6 50. exf6 gxf6 51. Rg8 f5 52. Rh8+ Kg7 53.
Rxh5 f4 54. Rg5+ Kh6 55. Kg2 e5 56. Rf5 Kg6 57. Rf8 Kh5 58. Rh8+ Kg4 59. h5 Re2+
60. Kf1 Rh2 61. h6 Kf3 62. Kg1 Rh5 63. h7 e4 64. Ra8 Rxh7 65. Ra3+ e3 66. Ra2
Re7 67. Ra3 Rd7 68. Ra1 Kg3 69. Re1 f3 70. Kh1 {White resigns} 0-1